 Dungeon Crawl Stone Soup version 0.30-a0-389-g8d7d949f56 (webtiles) character file.

Game seed: 10582227853132527597

3174 cowcol the Spear-Bearer (level 9, -23/75 HPs)
             Began as a White Draconian Berserker on Dec 3, 2022.
             Was a Priest of Trog.
             Engulfed by a cloud of freezing vapour (34 damage)
             ... on level 7 of the Dungeon.
             The game lasted 00:21:10 (6655 turns).

cowcol the Spear-Bearer (White Draconian Berserker) Turns: 6655, Time: 00:21:11

Health: -23/75     AC: 10    Str: 23    XL:     9   Next: 63%
Magic:  0/9        EV: 13    Int:  7    God:    Trog [***...]
Gold:   520        SH:  0    Dex: 12    Spells: 8/8 levels left

rFire   + . .      SeeInvis .    B - +3 glaive
rCold   . . .      Faith    .    (shield currently unavailable)
rNeg    . . .      Spirit   +    (body armour unavailable)
rPois   .          Reflect  .    (helmet restricted)
rElec   .          Harm     .    (no cloak)
rCorr   .          Rampage  .    (no gloves)
Will    .....                    w - +2 pair of boots {Fly}
Stlth   ++........               n - amulet of guardian spirit
HPRegen 0.32/turn                A - ring of fire
MPRegen 0.11/turn                l - +4 ring of slaying

@: flying, slowed, very slow
A: breathe frost, AC +7, unfitting armour, cold resistance 1, cold-blooded
a: Breathe Frost, Renounce Religion, Berserk, Trog's Hand


You were on level 7 of the Dungeon.
You worshipped Trog.
Trog was most pleased with you.
You visited 1 branch of the dungeon, and saw 7 of its levels.

You collected 520 gold pieces.

Inventory:

Hand Weapons
 a - a +0 hand axe
 e - a +0 spear
 i - a +0 dagger
 k - a +0 club
 m - a +0 club
 t - a +0 halberd
 B - a +3 glaive (weapon)
 J - a +0 dire flail
 L - a +0 long sword
Missiles
 f - 12 poisoned darts
 h - 45 stones
 q - 4 boomerangs
 z - 4 javelins
Armour
 v - a +0 pair of boots
 w - a +2 pair of boots of flying (worn)
Jewellery
 j - a +6 ring of intelligence
 l - a +4 ring of slaying (right hand)
 n - an amulet of guardian spirit (around neck)
 A - a ring of fire (left hand)
 F - a ring of protection from cold
 G - a ring of ice
Wands
 d - a wand of iceblast (14)
 y - a wand of flame (5) (quivered)
 H - a wand of polymorph (7)
Scrolls
 x - a scroll of vulnerability {unknown}
 D - a scroll of butterflies
 E - 3 scrolls of enchant armour {unknown}
 K - a scroll of silence {unknown}
 M - a scroll of fear
Potions
 b - 3 potions of lignification {unknown}
 c - 5 potions of curing {unknown}
 g - a potion of haste {unknown}
 o - 2 potions of brilliance
 p - a potion of might {unknown}
 r - 3 potions of invisibility
 s - a potion of attraction {unknown}
 u - 2 potions of mutation {unknown}
 C - a potion of cancellation {unknown}
 I - a potion of degeneration {unknown}
 N - a potion of heal wounds {unknown}


   Skills:
 + Level 6.3 Fighting
 - Level 5.5(5.6) Short Blades
 * Level 1.3(3.7) Long Blades
 + Level 4.8(7.2) Axes
 + Level 8.3(8.9) Polearms
 + Level 5.0 Dodging
 + Level 2.7 Stealth
 + Level 2.8 Evocations


You had 8 spell levels left.
You didn't know any spells.
Your spell library was empty.

Dungeon Overview and Level Annotations

Branches:
Dungeon (7/15)             Temple (0/1) D:5

Altars:
Sif Muna
The Shining One


Innate Abilities, Weirdness & Mutations

You can breathe waves of freezing cold which knock back foes.
Your icy white scales are hard. (AC +7)
You cannot fit into any form of body armour.
Your flesh is cold resistant. (rC+)
You are cold-blooded and may be slowed by cold attacks.


Message History

The gnoll barely misses you.
You slice the gnoll!!
You kill the gnoll!
Trog accepts your kill.
Things that are here:
a +0 whip; a gnoll corpse You feel a strong urge to attack something.
You are no longer berserk.
You are exhausted.
You feel yourself slow down.
Things that are here:
a +0 whip; a gnoll corpse
M - a scroll of fear
Items here: ))) [ †.
r - 3 potions of invisibility (gained 1)
Things that are here:
a +0 spear; a gnoll corpse
Items here: ))) [ †.
You start waiting.
You feel yourself speed up.
You start waiting.
You recover from your berserk rage.
You start waiting.
Done waiting.
N - a grey potion
Found a book of Party Tricks.
Partly explored, can't reach some items.
There is an open door here.
Really fly into a travel-excluded area? [Y]es or [N]o only, please.
Really fly into a travel-excluded area?
You are engulfed in freezing vapours.
You are engulfed in freezing vapours.
You feel yourself slow down.
Unknown command.
You are engulfed in freezing vapours.
You feel as though you will be slow longer.
* * * LOW HITPOINT WARNING * * *
You are engulfed in freezing vapours.
You feel as though you will be slow longer.
You die...

.......###..# ##.#
...........## #.#
.......###########.#
.......# ######.#
.......# ##$#.#.#
......## ##$#.'.#
.....## ##$#°###
###.## ##$#°## #.#
##$#@## ###.######
##.#°## .........#
##.#°## .........#
##.#°## .........#
##.#°##
.........#####.#°##
.............#.#°##
...###.......#.#.##
............##°#.##


There were no monsters in sight!

Vanquished Creatures
  Joseph (D:7)
  Maggie (D:7)
  Sigmund (D:3)
  Menkaure (D:7)
  Duvessa (D:4)
  2 black bears (D:6)
  4 ice beasts
  2 sky beasts (D:7)
  2 ogres
  A phantom (D:7)
  A bullfrog (D:7)
  4 scorpions
  Dowan (D:4)
  2 howler monkeys (D:7)
  5 hounds
  A gnoll bouda (D:7)
  4 jellies
  Terence (D:3)
  Natasha (thrice) (D:3)
  4 iguanas
  Robin (D:3)
  9 gnolls
  10 adders
  A shadow imp (D:6)
  2 white imps
  2 ufetubi
  2 dart slugs
  8 orcs
  8 endoplasms
  3 giant cockroaches
  9 goblins
  8 hobgoblins
  3 jackals (D:3)
  5 quokkas
  4 ball pythons
  5 bats
  6 frilled lizards
  8 kobolds
  7 rats
143 creatures vanquished.

Notes
Turn   | Place    | Note
-------+----------+-------------------------------------------
     0 | D:1      | cowcol the Draconian Berserker began the quest for the Orb.
     0 | D:1      | Reached XP level 1. HP: 19/19 MP: 1/1
   110 | D:1      | Reached XP level 2. HP: 26/26 MP: 2/2
   760 | D:2      | Reached XP level 3. HP: 32/33 MP: 1/3
  1116 | D:2      | Reached XP level 4. HP: 40/40 MP: 4/4
  1175 | D:2      | Reached ** piety under Trog
  1285 | D:2      | Found a shimmering blue altar of Sif Muna.
  1332 | D:2      | Found a faded altar of an unknown god.
  1683 | D:3      | Noticed Terence
  1684 | D:3      | Noticed Natasha
  1686 | D:3      | Killed Terence
  1687 | D:3      | Reached skill level 1 in Short Blades
  1693 | D:3      | Killed Natasha
  1694 | D:3      | Reached XP level 5. HP: 27/46 MP: 2/5
  2169 | D:3      | Noticed Natasha
  2178 | D:3      | Killed Natasha
  2248 | D:3      | Reached skill level 1 in Stealth
  2308 | D:3      | Noticed Robin
  2427 | D:3      | Noticed Sigmund
  2440 | D:3      | Killed Sigmund
  2441 | D:3      | Reached skill level 2 in Polearms
  2441 | D:3      | Reached XP level 6. HP: 53/53 MP: 4/6
  3057 | D:3      | Killed Robin
  3091 | D:3      | Noticed Natasha
  3105 | D:3      | Killed Natasha
  3331 | D:4      | Noticed Duvessa
  3346 | D:4      | Killed Duvessa
  3347 | D:4      | Reached skill level 3 in Polearms
  3347 | D:4      | Your scales start taking on an icy white colour.
  3347 | D:4      | Reached XP level 7. HP: 60/60 MP: 4/7
  3347 | D:4      | Gained mutation: Your flesh is cold resistant. (rC+) [White
                  | Draconian growth]
  3353 | D:4      | Noticed Dowan
  3357 | D:4      | Killed Dowan
  3566 | D:4      | Reached skill level 5 in Fighting
  3655 | D:4      | Reached skill level 4 in Polearms
  3701 | D:4      | Reached *** piety under Trog
  3954 | D:5      | Entered Level 5 of the Dungeon
  4159 | D:5      | Reached XP level 8. HP: 63/68 MP: 6/8
  4180 | D:5      | Found a staircase to the Ecumenical Temple.
  4527 | D:5      | Reached skill level 5 in Polearms
  4533 | D:5      | Found a glowing golden altar of the Shining One.
  5046 | D:6      | Reached skill level 6 in Polearms
  5533 | D:6      | Reached skill level 1 in Evocations
  5545 | D:6      | Identified the +3 leather armour of the Meadowlark {Contam
                  | rC+ Stlth+}
  5945 | D:7      | Noticed Joseph
  5961 | D:7      | Reached skill level 7 in Polearms
  5961 | D:7      | Reached XP level 9. HP: 50/75 MP: 2/9
  5966 | D:7      | Killed Joseph
  5967 | D:7      | Reached skill level 5 in Short Blades
  6019 | D:7      | Noticed Menkaure
  6023 | D:7      | Killed Menkaure
  6059 | D:7      | Noticed Maggie
  6088 | D:7      | Killed Maggie
  6089 | D:7      | Reached skill level 8 in Polearms
  6314 | D:7      | Reached skill level 1 in Long Blades
  6324 | D:7      | Reached skill level 5 in Dodging
  6655 | D:7      | Engulfed by a cloud of freezing vapour

Illustrated notes

Levels and vault maps discovered:
D:1:      reono_arrival_forest_river, layout_loops_ring, minmay_pentomino_x2
D:2:      layout_loops_ring, basic_altar,
          shapermc_ecumenical_altar_mp_ritualfount
D:3:      wad_river_or_something, layout_loops_ring, minivault_25, uniq_robin,
          uniq_sigmund, uniq_terence, uniq_natasha
D:4:      layout_rooms, minmay_misc_feat_tower, st_stairs_3, uniq_duvessa
D:5:      layout_rooms, mainiacjoe_overflow_brackets, temple_statues
D:6:      layout_loops_ring, minmay_misc_feat_hallway
D:7:      lemuel_ice_spiral_2, layout_rooms, uniq_joseph, uniq_maggie,
          uniq_menkaure

Skill      XL: |  1  2  3  4  5  6  7  8  9 |
---------------+----------------------------+-----
Dodging        | 3 4 5 |  5.0
Fighting       | 4 5 6 |  6.3
Axes           | 4 |  4.8
Short Blades   | 1 2 3 4 5 |  5.5
Stealth        | 1 2 |  2.7
Polearms       | 2 3 4 7 8 |  8.3
Evocations     | 1 2 |  2.8
Long Blades    | 1 |  1.3

Action                   |  1- 3 |  4- 6 |  7- 9 || total
-------------------------+-------+-------+-------++-------
Melee: Hand axe          |    88 |    44 |       ||   132
       Tailslap          |     5 |    18 |    17 ||    40
       Halberd           |       |    73 |    67 ||   140
       Glaive            |       |       |    80 ||    80
Throw: Stone             |     3 |       |       ||     3
Invok: Berserk           |     1 |     4 |     4 ||     9
       Trog's Hand       |       |     2 |     2 ||     4
 Abil: Breathe Frost     |       |       |     3 ||     3
Evoke: Wand              |       |     1 |    25 ||    26
  Use: Scroll            |     3 |     5 |     1 ||     9
 Stab: Sleeping          |       |       |     1 ||     1
Armor: Skin              |    22 |    33 |    62 ||   117
Dodge: Dodged            |    66 |    65 |    81 ||   212

Table legend: (Time is in decaauts)
 A = Elapsed time spent in this place.
 B = Non-inter-level travel time spent in this place.
 C = Inter-level travel time spent in this place.
 D = Time resting spent in this place.
 E = Time spent auto-exploring this place.
 F = Levels seen in this place.
 G = Mean time per level.
                   A        B        C        D        E       F      G
               +--------+--------+--------+--------+--------+-----+--------+
         Total |   6837 |   6695 |    142 |   1758 |   3252 |   7 |  976.7 |
       Dungeon |   6837 |   6695 |    142 |   1758 |   3252 |   7 |  976.7 |
               +--------+--------+--------+--------+--------+-----+--------+

Top non-repeatable levels by time:
     D:3: 1740 daAuts
     D:6: 1154 daAuts
     D:7: 915 daAuts
     D:2: 860 daAuts
     D:4: 735 daAuts
     D:1: 732 daAuts
     D:5: 697 daAuts
